 Dungeon Crawl Stone Soup version 0.29.1-12-g30fa7ad0bf (webtiles) character file.

Game seed: 9897094725624453782

26 MisterFreud the Ducker (level 2, 0/21 HPs)
             Began as a Felid Berserker on Dec 29, 2022.
             Was a Follower of Trog.
             Constricted to death by a ball python (1 damage)
             ... on level 2 of the Dungeon.
             The game lasted 00:01:02 (1477 turns).

MisterFreud the Ducker (Felid Berserker)            Turns: 1477, Time: 00:01:04

Health: 0/21       AC:  1    Str: 13    XL:     2   Next: 89%
Magic:  3/3        EV: 15    Int:  8    God:    Trog [*.....]
Gold:   75         SH:  0    Dex: 15    Spells: 1/1 levels left
                                        Lives:  0   Deaths: 0

rFire   . . .      SeeInvis +     - Unarmed
rCold   . . .      Faith    .   (shield unavailable)
rNeg    . . .      Spirit   .   (body armour unavailable)
rPois   .          Reflect  .   (helmet unavailable)
rElec   .          Harm     .   (cloak unavailable)
rCorr   .          Rampage  .   (gloves unavailable)
Will    .....                   (boots unavailable)
Stlth   ..........              (no amulet)
HPRegen 0.07/turn               (no ring)
MPRegen 0.08/turn               (no ring)

@: berserking, constricted, very quick
A: very small, claws 1, fangs 3, see invisible, speed 1, shaggy fur 1, stealthy
paws, no weapons or thrown items, no armour, multi-lived
a: Renounce Religion, Berserk


You were on level 2 of the Dungeon.
You worshipped Trog.
Trog was aware of your devotion.
You visited 1 branch of the dungeon, and saw 2 of its levels.

You collected 75 gold pieces.

Inventory:

Scrolls
 a - a scroll of brand weapon {unknown}
Potions
 d - a potion of curing
 f - a potion of heal wounds


   Skills:
 - Level 3.0 Fighting
 - Level 4.0 Dodging
 + Level 2.6 Stealth
 + Level 3.6 Unarmed Combat


You had one spell level left.
You didn't know any spells.
Your spell library was empty.

Dungeon Overview and Level Annotations

Branches:
Dungeon (2/15)

Altars:


Innate Abilities, Weirdness & Mutations

You have sharp claws.
You have razor-sharp teeth.
You have supernaturally acute eyesight. (SInv)
You cover ground quickly. (Speed+)
You are covered in fur. (AC +1)
Your paws help you pounce on unaware monsters.
You are incapable of wielding weapons or throwing items.
You cannot wear armour.
You gain extra lives every three experience levels.


Message History

There are monsters nearby!
You scratch the dart slug. You bite the dart slug.
The dart slug is moderately wounded.
The dart slug bites you.
There are monsters nearby!
You scratch the dart slug but do no damage.
The dart slug is moderately wounded.
The dart slug barely misses you.
There are monsters nearby!
You scratch the dart slug but do no damage.
The dart slug is moderately wounded.
The ball python misses you. x2
There are monsters nearby!
You claw the dart slug!
You kill the dart slug!
Trog accepts your kill. The ball python bites you. The ball python grabs you.
The ball python constricts you. The ball python bites you.
The ball python constricts you.
There are monsters nearby!
You are too injured to fight recklessly!
There are monsters nearby!
You are too injured to fight recklessly!
You are too injured to fight recklessly!
You are too injured to fight recklessly!
You escape the ball python's grasp.
You closely miss the ball python. The ball python completely misses you.
The ball python barely misses you.
You closely miss the ball python. The ball python bites you.
* * * LOW HITPOINT WARNING * * *
The ball python grabs you. The ball python constricts you.
* * * LOW HITPOINT WARNING * * *
Unknown command.
A red film seems to cover your vision as you go berserk!
You feel yourself moving faster!
You feel mighty! The ball python barely misses you.
The ball python constricts you.
* * * LOW HITPOINT WARNING * * *
The quokka misses you. The ball python closely misses you.
The ball python constricts you.
You die...

........# #
.... .....< .
##. ... #..##
#.#.. ...
#>^.# ...##.#
###.#.#
...#.#
####...#.###
#...#
#....###....
#S†# #.####
####.
#@.####.# ##
##.r..##.#
#........#
#..##.####
.>..#.....
.....#......
.....#.......
.....#$......
... #........


You could see a quokka and a ball python.

Vanquished Creatures
  3 dart slugs
  2 ball pythons (D:1)
  A giant cockroach (D:1)
  3 goblins
  2 hobgoblins (D:1)
  2 quokkas (D:1)
  A bat (D:1)
  3 kobolds (D:1)
  3 rats (D:1)
20 creatures vanquished.

Notes
Turn   | Place    | Note
-------+----------+-------------------------------------------
     0 | D:1      | MisterFreud the Felid Berserker began the quest for the
                  | Orb.
     0 | D:1      | Reached XP level 1. HP: 10/10 MP: 2/2
    88 | D:1      | Reached skill level 1 in Stealth
   359 | D:1      | Reached XP level 2. HP: 8/14 MP: 3/3
  1115 | D:1      | Found a faded altar of an unknown god.
  1477 | D:2      | HP: 1/21 [constriction (1)]
  1477 | D:2      | Constricted to death by a ball python

Illustrated notes

Levels and vault maps discovered:
D:1:      heliophobic_arrival_dark_side_of_the_moon, layout_rooms,
          shapermc_ecumenical_altar_starsandcircs
D:2:      layout_rooms, uniq_jessica

Skill      XL: |  1  2 |
---------------+-------+-----
Stealth        | 1 2 |  2.6
Fighting       | |  3.0
Dodging        | |  4.0
Unarmed Combat | |  3.6

Action                   || total
-------------------------++-------
Melee: Unarmed           ||    49
       Bite              ||     4
       Punch             ||     1
Invok: Berserk           ||     2
  Use: Scroll            ||     5
 Stab: Sleeping          ||     2
Armor: Skin              ||     4
Dodge: Dodged            ||    40
